Montreal Canadiens vs Vancouver Canucks
Created - Thursday, August 31, 2023 at 07:04
Goals
|
| Montreal Canadiens |
0 |
2 |
1 |
0 |
0 |
3 |
| Vancouver Canucks |
1 |
1 |
1 |
0 |
1 |
4 |
|
Shots
|
| Montreal Canadiens |
13 |
10 |
9 |
2 |
3 |
34 |
| Vancouver Canucks |
12 |
9 |
13 |
0 |
3 |
34 |
|
1st period
1. Vancouver Canucks , Taylor Raddysh 1 (Jesperi Kotkaniemi 2, Adam Boqvist 1) at 0:53
Penalties :
Filip Hronek (MTL) for Roughing (Minor) at 19:49
2nd period
2. Vancouver Canucks , Mikko Rantanen 6 (Aleksander Barkov 11) at 9:29
3. Montreal Canadiens , Adam Fox 2 (Brady Skjei 1) at 13:42
4. Montreal Canadiens , Filip Forsberg 3 (Sidney Crosby 10, Jacob Markstrom) at 14:21 (PP)
Penalties :
Tyler Myers (MTL) for Slashing (Minor) at 3:25, Clayton Keller (VAN) for Tripping (Minor) at 14:06
3rd period
5. Montreal Canadiens , Martin Necas 1 (Dylan Larkin 1) at 0:33
6. Vancouver Canucks , Miro Heiskanen 1 (Mikko Rantanen 5, Aleksander Barkov 12) at 19:02
Penalties :
Artturi Lehkonen (VAN) for Holding (Minor) at 7:03, Clayton Keller (VAN) for Interference (Minor) at 15:00, Casey Mittelstadt (VAN) for Slashing (Minor) at 19:46
Overtime #1
No Goal
Penalties :
No Penalty
Shootout
Montreal Canadiens, Sidney Crosby - Stopped by Joonas Korpisalo
Vancouver Canucks, Aleksander Barkov - Stopped by Jacob Markstrom
Montreal Canadiens, Patrik Laine - Stopped by Joonas Korpisalo
Vancouver Canucks, Anton Lundell - Stopped by Jacob Markstrom
Montreal Canadiens, Filip Forsberg - Stopped by Joonas Korpisalo
Vancouver Canucks, Jesperi Kotkaniemi - Goal!
Penalties :
No Penalty
Goalie Stats
Jacob Markstrom (MTL), 31 saves from 34 shots - (0.912), OTL, 4-3-1, 65:00 minutes
Joonas Korpisalo (VAN), 31 saves from 34 shots - (0.912), W, 3-2-0, 64:58 minutes
Players Stats for Montreal Canadiens
Player Name G A P +/- PIM S H SB GA TA FO MP PP MP PK MP
------------------------------------------------------------------------------------
Adam Fox 1 0 1 0 0 3 3 4 0 0 0/0 29:59 2:42 2:25
Brady Skjei 0 1 1 0 0 2 3 3 0 2 0/0 22:14 1:44 0:05
Christian Fischer 0 0 0 0 0 5 4 3 1 0 2/2 15:02 0:10 2:03
Dylan Larkin 0 1 1 1 0 5 4 0 2 0 4/7 16:35 1:43 0:00
Evgeni Dadonov 0 0 0 0 0 0 0 0 0 0 0/0 9:19 0:13 0:00
Filip Forsberg 1 0 1 -1 0 2 3 0 1 0 0/1 21:37 2:30 0:00
Filip Hronek 0 0 0 -2 2 1 0 3 0 0 0/0 24:17 2:42 0:05
Jake Evans 0 0 0 -1 0 0 1 0 0 0 0/5 9:57 0:00 2:03
Jonathan Marchessault 0 0 0 1 0 2 3 0 0 0 0/1 15:28 1:43 0:00
Marco Scandella 0 0 0 1 0 0 0 1 0 0 0/0 17:55 0:12 2:44
Martin Necas 1 0 1 1 0 2 3 0 0 0 0/0 16:14 1:43 0:00
Patrik Laine 0 0 0 -1 0 3 1 0 0 0 0/2 20:50 2:33 0:00
Scott Mayfield 0 0 0 1 0 0 3 0 0 1 0/0 16:47 0:00 1:28
Sidney Crosby 0 1 1 -1 0 2 5 0 0 1 15/34 21:58 2:33 0:00
Tomas Nosek 0 0 0 -1 0 2 3 1 0 0 0/0 14:53 0:00 1:55
Tyler Myers 0 0 0 -2 2 1 0 2 0 0 0/0 18:59 1:32 1:09
Tyson Jost 0 0 0 -1 0 4 2 0 0 0 4/9 16:16 0:10 1:55
Vladislav Namestnikov 0 0 0 0 0 0 2 0 1 0 0/0 7:40 0:00 0:00
Players Stats for Vancouver Canucks
Player Name G A P +/- PIM S H SB GA TA FO MP PP MP PK MP
------------------------------------------------------------------------------------
Adam Boqvist 0 1 1 1 0 1 2 2 0 0 0/0 24:20 2:45 0:02
Aleksander Barkov 0 2 2 1 0 3 1 0 0 0 23/29 23:46 3:01 2:48
Anton Lundell 0 0 0 0 0 3 3 0 0 1 1/1 12:15 0:00 1:12
Artturi Lehkonen 0 0 0 -1 2 1 1 1 1 0 0/2 16:45 0:57 0:00
Casey Mittelstadt 0 0 0 1 2 2 4 0 0 0 1/1 13:08 0:57 0:40
Clayton Keller 0 0 0 1 4 4 2 0 0 0 0/1 19:33 3:01 0:00
Jacob Bryson 0 0 0 0 0 2 1 0 0 0 0/0 12:22 0:00 0:02
Jake Bean 0 0 0 0 0 0 1 0 1 0 0/0 21:43 1:13 1:57
Jesperi Kotkaniemi 0 1 1 1 0 1 1 0 0 0 3/6 10:02 0:00 0:00
Kasperi Kapanen 0 0 0 -1 0 1 2 0 0 1 0/0 14:34 0:00 0:00
Mikko Rantanen 1 1 2 1 0 4 3 0 1 0 0/1 21:02 3:01 0:00
Miro Heiskanen 1 0 1 1 0 2 2 1 0 0 0/0 27:22 2:45 1:57
Noah Cates 0 0 0 0 0 0 2 0 0 0 4/6 13:53 0:00 3:38
Noah Hanifin 0 0 0 0 0 3 2 1 0 1 0/0 26:46 1:13 4:13
Olli Maatta 0 0 0 0 0 0 0 1 0 1 0/0 17:27 0:00 4:13
Robby Fabbri 0 0 0 -1 0 1 0 1 0 0 4/14 17:18 0:57 1:08
Sam Lafferty 0 0 0 0 0 2 0 0 1 1 0/0 11:26 0:00 1:12
Taylor Raddysh 1 0 1 1 0 4 0 0 0 0 0/0 10:02 0:00 0:00
3 Stars
1 - Mikko Rantanen (VAN)
2 - Miro Heiskanen (VAN)
3 - Martin Necas (MTL)
Power Play
Montreal Canadiens - 1 on 4 Attempt(s) - 25.00%
Vancouver Canucks - 0 on 2 Attempt(s) - 0.00%
Penalty Kill
Montreal Canadiens - 2 on 2 Attempt(s) - 100.00%
- Score 0 goal in Penalty Kill
Vancouver Canucks - 3 on 4 Attempt(s) - 75.00%
- Score 0 goal in Penalty Kill
Team Stat
Montreal Canadiens - Hits : 40 - Faceoff Wins : 25 - Blocked Shots : 17 - Penalty Minutes : 4
Vancouver Canucks - Hits : 27 - Faceoff Wins : 36 - Blocked Shots : 7 - Penalty Minutes : 8
Official
Referees : Marc Joannette and Dan O'Rourke
Linesman : Bryan Pancich and Brad Lazarowich
Game Notes
No Game Note
Finance
Level 1 -- Attendance: 4655 (77.58%) -- Ticket Income $460,845
Level 2 -- Attendance: 3665 (73.30%) -- Ticket Income $216,235
Level 3 -- Attendance: 2716 (90.53%) -- Ticket Income $92,344
Level 4 -- Attendance: 3662 (73.24%) -- Ticket Income $87,888
Luxury Box -- Attendance: 772 (77.20%) -- Ticket Income $153,628
Game was played at the Rogers Arena.
Total Attendance: 15470 (77.35%)
Total Ticket Income: $1,010,940
Other Income: $353,829
Total Income: $1,364,769
Montreal Canadiens
5 vs 5 Forward
Center Left Wing Right Wing Time % Phy DF OF
1 Sidney Crosby Filip Forsberg Patrik Laine 39 1 2 2
2 Dylan Larkin Jonathan Marchessault Martin Necas 30 1 2 2
3 Tyson Jost Tomas Nosek Christian Fischer 20 1 2 2
4 Jake Evans Vladislav Namestnikov Evgeni Dadonov 11 1 2 2
5 vs 5 Defense
Defense Defense Time % Phy DF OF
1 Adam Fox Brady Skjei 37 1 2 2
2 Filip Hronek Tyler Myers 30 1 2 2
3 Marco Scandella Scott Mayfield 18 1 4 0
4 Adam Fox Filip Hronek 15 1 2 2
PowerPlay Forward
Center Left Wing Right Wing Time % Phy DF OF
1 Sidney Crosby Filip Forsberg Patrik Laine 65 0 1 4
2 Dylan Larkin Jonathan Marchessault Martin Necas 35 0 1 4
PowerPlay Defense
Defense Defense Time % Phy DF OF
1 Adam Fox Filip Hronek 70 0 1 4
2 Brady Skjei Tyler Myers 30 0 1 4
Penalty Kill 4 Players Forward
Center Wing Time % Phy DF OF
1 Jake Evans Christian Fischer 50 1 3 1
2 Tyson Jost Tomas Nosek 50 1 3 1
Penalty Kill 4 Players Defense
Defense Defense Time % Phy DF OF
1 Scott Mayfield Marco Scandella 50 1 3 1
2 Adam Fox Tyler Myers 50 1 3 1
Penalty Kill - 3 Players Forward
Forward Time % Phy DF OF
1 Jake Evans 50 1 4 0
2 Tomas Nosek 50 1 4 0
Penalty Kill - 3 Players Defense
Defense Defense Time % Phy DF OF
1 Scott Mayfield Marco Scandella 50 1 3 1
2 Adam Fox Tyler Myers 50 1 3 1
4 vs 4 Forward
Center Wing Time % Phy DF OF
1 Sidney Crosby Filip Forsberg 60 1 1 3
2 Dylan Larkin Patrik Laine 40 1 1 3
4 vs 4 Defense
Defense Defense Time % Phy DF OF
1 Adam Fox Brady Skjei 55 1 2 2
2 Filip Hronek Tyler Myers 45 1 2 2
Last Minutes Offensive
Center Left Wing Right Wing Defense Defense
Sidney Crosby Patrik Laine Filip Forsberg Dylan Larkin Adam Fox
Last Minutes Defensive
Center Left Wing Right Wing Defense Defense
Tyson Jost Tomas Nosek Jake Evans Adam Fox Scott Mayfield
Goaltenders
Starting : Jacob Markstrom
Backup : David Rittich
Extra Forwards
Normal : Sidney Crosby, Martin Necas, Filip Forsberg - PP : Martin Necas, Patrik Laine - PK : Christian Fischer
Extra Defensemen
Normal : Adam Fox, Filip Hronek, Brady Skjei - PP : Adam Fox - PK : Adam Fox, Tyler Myers
Penalty Shots
Sidney Crosby, Patrik Laine, Filip Forsberg, Jonathan Marchessault, Dylan Larkin
Vancouver Canucks
5 vs 5 Forward
Center Left Wing Right Wing Time % Phy DF OF
1 Aleksander Barkov Clayton Keller Mikko Rantanen 40 1 2 2
2 Robby Fabbri Artturi Lehkonen Kasperi Kapanen 30 1 2 2
3 Jesperi Kotkaniemi Casey Mittelstadt Taylor Raddysh 20 1 2 2
4 Noah Cates Anton Lundell Sam Lafferty 10 1 2 2
5 vs 5 Defense
Defense Defense Time % Phy DF OF
1 Adam Boqvist Miro Heiskanen 40 1 2 2
2 Noah Hanifin Jake Bean 30 1 2 2
3 Olli Maatta Jacob Bryson 20 1 2 2
4 Noah Hanifin Miro Heiskanen 10 1 2 2
PowerPlay Forward
Center Left Wing Right Wing Time % Phy DF OF
1 Aleksander Barkov Clayton Keller Mikko Rantanen 60 0 1 4
2 Casey Mittelstadt Robby Fabbri Artturi Lehkonen 40 0 1 4
PowerPlay Defense
Defense Defense Time % Phy DF OF
1 Miro Heiskanen Adam Boqvist 60 0 1 4
2 Noah Hanifin Jake Bean 40 0 1 4
Penalty Kill 4 Players Forward
Center Wing Time % Phy DF OF
1 Aleksander Barkov Noah Cates 60 1 3 1
2 Sam Lafferty Anton Lundell 40 1 3 1
Penalty Kill 4 Players Defense
Defense Defense Time % Phy DF OF
1 Noah Hanifin Olli Maatta 60 1 3 1
2 Miro Heiskanen Jake Bean 40 1 3 1
Penalty Kill - 3 Players Forward
Forward Time % Phy DF OF
1 Noah Cates 60 1 3 1
2 Aleksander Barkov 40 1 3 1
Penalty Kill - 3 Players Defense
Defense Defense Time % Phy DF OF
1 Noah Hanifin Olli Maatta 60 1 3 1
2 Miro Heiskanen Jake Bean 40 1 3 1
4 vs 4 Forward
Center Wing Time % Phy DF OF
1 Aleksander Barkov Mikko Rantanen 60 1 2 2
2 Robby Fabbri Artturi Lehkonen 40 1 2 2
4 vs 4 Defense
Defense Defense Time % Phy DF OF
1 Miro Heiskanen Noah Hanifin 60 1 2 2
2 Olli Maatta Adam Boqvist 40 1 2 2
Last Minutes Offensive
Center Left Wing Right Wing Defense Defense
Aleksander Barkov Clayton Keller Mikko Rantanen Miro Heiskanen Adam Boqvist
Last Minutes Defensive
Center Left Wing Right Wing Defense Defense
Aleksander Barkov Noah Cates Sam Lafferty Noah Hanifin Olli Maatta
Goaltenders
Starting : Joonas Korpisalo
Backup : Ville Husso
Extra Forwards
Normal : Mikko Rantanen, Aleksander Barkov, Artturi Lehkonen - PP : Clayton Keller, Kasperi Kapanen - PK : Robby Fabbri
Extra Defensemen
Normal : Miro Heiskanen, Noah Hanifin, Olli Maatta - PP : Adam Boqvist - PK : Jake Bean, Jacob Bryson
Penalty Shots
Aleksander Barkov, Anton Lundell, Jesperi Kotkaniemi, Jake Bean, Mikko Rantanen
% Time on Ice - Montreal Canadiens
Lines # - Real PCT - Wanted PCT - Time Play
Normal Forward
1 - 33% - 39% - 17:01
2 - 27% - 30% - 14:08
3 - 24% - 20% - 12:35
4 - 15% - 11% - 7:40
Normal Defense
1 - 34% - 37% - 17:41
2 - 27% - 30% - 13:40
3 - 30% - 18% - 15:19
4 - 9% - 15% - 4:44
PP Forward
1 - 61% - 65% - 2:43
2 - 39% - 35% - 1:43
PP Defense
1 - 65% - 70% - 2:54
2 - 35% - 30% - 1:32
PK Forward
1 - 52% - 50% - 2:03
2 - 48% - 50% - 1:55
PK Defense
1 - 37% - 50% - 1:28
2 - 63% - 50% - 2:30
PK3 Forward
1 - 0% - 50%
2 - 0% - 50%
PK3 Defense
1 - 0% - 50%
2 - 0% - 50%
44 Forward
1 - 74% - 60% - 3:42
2 - 26% - 40% - 1:18
44 Defense
1 - 57% - 55% - 2:50
2 - 43% - 45% - 2:10
Last Minute Offensive - 0:00
Last Minute Defensive - 0:12
Total
Forward - 65:00
Defense - 65:00
|
% Time on Ice - Vancouver Canucks
Lines # - Real PCT - Wanted PCT - Time Play
Normal Forward
1 - 32% - 40% - 16:31
2 - 28% - 30% - 14:36
3 - 20% - 20% - 10:02
4 - 20% - 10% - 10:14
Normal Defense
1 - 37% - 40% - 19:03
2 - 35% - 30% - 18:08
3 - 24% - 20% - 12:19
4 - 4% - 10% - 1:53
PP Forward
1 - 76% - 60% - 3:01
2 - 24% - 40% - 0:57
PP Defense
1 - 69% - 60% - 2:45
2 - 31% - 40% - 1:13
PK Forward
1 - 73% - 60% - 3:14
2 - 27% - 40% - 1:12
PK Defense
1 - 69% - 60% - 3:04
2 - 31% - 40% - 1:22
PK3 Forward
1 - 89% - 60% - 1:34
2 - 11% - 40% - 0:12
PK3 Defense
1 - 67% - 60% - 1:11
2 - 33% - 40% - 0:35
44 Forward
1 - 77% - 60% - 2:30
2 - 23% - 40% - 0:44
44 Defense
1 - 46% - 60% - 1:29
2 - 54% - 40% - 1:45
Last Minute Offensive - 0:13
Last Minute Defensive - 0:00
Total
Forward - 65:00
Defense - 65:00
|
Play-by-Play
1st period
0:01 of 1st period - Aleksander Barkov wins face-off versus Sidney Crosby in neutral zone.
0:14 of 1st period - Wrist shot by Filip Forsberg.
0:14 of 1st period - Stopped by Joonas Korpisalo with a rebound.
0:26 of 1st period - Adam Fox is hit by Kasperi Kapanen and loses puck.
0:47 of 1st period - Snap shot by Taylor Raddysh.
0:47 of 1st period - Shot Blocked by Tyler Myers.
0:49 of 1st period - Snap shot by Taylor Raddysh.
0:49 of 1st period - Stopped by Jacob Markstrom with a rebound.
0:51 of 1st period - Snap shot by Jesperi Kotkaniemi.
0:51 of 1st period - Shot Blocked by Tyler Myers.
0:53 of 1st period - Slapshot by Taylor Raddysh.
0:53 of 1st period - Goal by Taylor Raddysh - Montreal Canadiens : 0 - Vancouver Canucks : 1.
0:54 of 1st period - Anton Lundell wins face-off versus Jake Evans in neutral zone.
0:59 of 1st period - Snap shot by Anton Lundell.
0:59 of 1st period - Stopped by Jacob Markstrom with a rebound.
1:01 of 1st period - Slapshot by Jake Bean.
1:01 of 1st period - Deflect By Anton Lundell.
1:01 of 1st period - Stopped by Jacob Markstrom without a rebound.
1:02 of 1st period - Noah Cates wins face-off versus Jake Evans in Montreal Canadiens zone.
1:33 of 1st period - Snap shot by Aleksander Barkov.
1:33 of 1st period - Shot Misses the Net.
1:35 of 1st period - Slapshot by Jake Bean.
1:35 of 1st period - Shot Misses the Net.
1:37 of 1st period - Backhand shot by Clayton Keller.
1:37 of 1st period - Stopped by Jacob Markstrom without a rebound.
1:38 of 1st period - Robby Fabbri wins face-off versus Dylan Larkin in Montreal Canadiens zone.
2:05 of 1st period - Tyson Jost is hit by Casey Mittelstadt and loses puck.
2:14 of 1st period - Snap shot by Tyson Jost.
2:14 of 1st period - Stopped by Joonas Korpisalo without a rebound.
2:15 of 1st period - Aleksander Barkov wins face-off versus Sidney Crosby in Vancouver Canucks zone.
2:15 of 1st period - Aleksander Barkov is hit by Filip Forsberg.
2:22 of 1st period - Off-side.
2:23 of 1st period - Sidney Crosby wins face-off versus Aleksander Barkov in neutral zone.
2:28 of 1st period - Aleksander Barkov is hit by Sidney Crosby and loses puck.
2:41 of 1st period - Snap shot by Clayton Keller.
2:41 of 1st period - Stopped by Jacob Markstrom with a rebound.
2:43 of 1st period - Slapshot by Aleksander Barkov.
2:43 of 1st period - Shot Blocked by Adam Fox.
2:45 of 1st period - Backhand shot by Clayton Keller.
2:45 of 1st period - Stopped by Jacob Markstrom with a rebound.
2:47 of 1st period - Slapshot by Miro Heiskanen.
2:47 of 1st period - Stopped by Jacob Markstrom without a rebound.
2:48 of 1st period - Robby Fabbri wins face-off versus Jonathan Marchessault in Montreal Canadiens zone.
3:44 of 1st period - Snap shot by Aleksander Barkov.
3:44 of 1st period - Stopped by Jacob Markstrom without a rebound.
3:45 of 1st period - Dylan Larkin wins face-off versus Robby Fabbri in Montreal Canadiens zone.
3:50 of 1st period - Artturi Lehkonen is hit by Dylan Larkin.
3:54 of 1st period - Wrist shot by Kasperi Kapanen.
3:54 of 1st period - Shot Misses the Net.
4:12 of 1st period - Casey Mittelstadt is hit by Filip Forsberg and loses puck.
4:55 of 1st period - Snap shot by Christian Fischer.
4:55 of 1st period - Stopped by Joonas Korpisalo with a rebound.
4:57 of 1st period - Snap shot by Filip Hronek.
4:57 of 1st period - Shot Hit the Post.
4:59 of 1st period - Snap shot by Filip Hronek.
4:59 of 1st period - Stopped by Joonas Korpisalo with a rebound.
5:27 of 1st period - Snap shot by Dylan Larkin.
5:27 of 1st period - Stopped by Joonas Korpisalo with a rebound.
5:45 of 1st period - Adam Fox is hit by Miro Heiskanen and loses puck.
5:50 of 1st period - Snap shot by Casey Mittelstadt.
5:50 of 1st period - Shot Misses the Net.
5:52 of 1st period - Slapshot by Adam Boqvist.
5:52 of 1st period - Stopped by Jacob Markstrom with a rebound.
5:54 of 1st period - Wrist shot by Casey Mittelstadt.
5:54 of 1st period - Shot Blocked by Adam Fox.
7:00 of 1st period - Snap shot by Jonathan Marchessault.
7:00 of 1st period - Stopped by Joonas Korpisalo with a rebound.
7:23 of 1st period - Patrik Laine is hit by Mikko Rantanen and loses puck.
7:31 of 1st period - Off-side.
7:32 of 1st period - Christian Fischer wins face-off versus Robby Fabbri in neutral zone.
7:39 of 1st period - Slapshot by Tomas Nosek.
7:39 of 1st period - Deflect By Christian Fischer.
7:39 of 1st period - Stopped by Joonas Korpisalo without a rebound.
7:40 of 1st period - Tyson Jost wins face-off versus Artturi Lehkonen in Vancouver Canucks zone.
7:41 of 1st period - Snap shot by Christian Fischer.
7:41 of 1st period - Stopped by Joonas Korpisalo without a rebound.
7:42 of 1st period - Sidney Crosby wins face-off versus Robby Fabbri in Vancouver Canucks zone.
7:43 of 1st period - Snap shot by Patrik Laine.
7:43 of 1st period - Shot Misses the Net.
8:29 of 1st period - Snap shot by Mikko Rantanen.
8:29 of 1st period - Shot Misses the Net.
8:57 of 1st period - Off-side.
8:58 of 1st period - Sidney Crosby wins face-off versus Aleksander Barkov in neutral zone.
9:06 of 1st period - Wrist shot by Patrik Laine.
9:06 of 1st period - Stopped by Joonas Korpisalo without a rebound.
9:07 of 1st period - Aleksander Barkov wins face-off versus Sidney Crosby in Vancouver Canucks zone.
9:12 of 1st period - Sidney Crosby is hit by Clayton Keller and loses puck.
9:21 of 1st period - Noah Hanifin is hit by Sidney Crosby and loses puck.
9:34 of 1st period - Aleksander Barkov is hit by Scott Mayfield and loses puck.
10:08 of 1st period - Snap shot by Sidney Crosby.
10:08 of 1st period - Stopped by Joonas Korpisalo without a rebound.
10:09 of 1st period - Dylan Larkin wins face-off versus Robby Fabbri in Vancouver Canucks zone.
10:20 of 1st period - Snap shot by Dylan Larkin.
10:20 of 1st period - Stopped by Joonas Korpisalo without a rebound.
10:21 of 1st period - Dylan Larkin wins face-off versus Robby Fabbri in Vancouver Canucks zone.
10:47 of 1st period - Tyson Jost is hit by Jesperi Kotkaniemi and loses puck.
11:08 of 1st period - Filip Hronek is hit by Noah Cates and loses puck.
11:15 of 1st period - Snap shot by Anton Lundell.
11:15 of 1st period - Shot Misses the Net.
11:17 of 1st period - Wrist shot by Miro Heiskanen.
11:17 of 1st period - Shot Blocked by Filip Hronek.
11:29 of 1st period - Mikko Rantanen is hit by Jonathan Marchessault and loses puck.
11:48 of 1st period - Snap shot by Patrik Laine.
11:48 of 1st period - Shot Blocked by Artturi Lehkonen.
12:10 of 1st period - Adam Fox is hit by Jacob Bryson and loses puck.
12:29 of 1st period - Sam Lafferty is hit by Jake Evans.
12:35 of 1st period - Wrist shot by Anton Lundell.
12:35 of 1st period - Stopped by Jacob Markstrom with a rebound.
12:53 of 1st period - Aleksander Barkov is hit by Scott Mayfield and loses puck.
13:56 of 1st period - Vladislav Namestnikov is hit by Anton Lundell and loses puck.
14:16 of 1st period - Miro Heiskanen is hit by Martin Necas.
14:25 of 1st period - Brady Skjei is hit by Mikko Rantanen and loses puck.
14:45 of 1st period - Robby Fabbri is hit by Patrik Laine and loses puck.
15:00 of 1st period - Noah Hanifin is hit by Christian Fischer and loses puck.
15:07 of 1st period - Casey Mittelstadt is hit by Brady Skjei and loses puck.
15:24 of 1st period - Slapshot by Anton Lundell.
15:24 of 1st period - Deflect By Noah Cates.
15:24 of 1st period - Shot Blocked by Christian Fischer.
15:24 of 1st period - Puck is out of play.
15:25 of 1st period - Noah Cates wins face-off versus Sidney Crosby in Montreal Canadiens zone.
15:45 of 1st period - Patrik Laine is hit by Noah Cates and loses puck.
16:31 of 1st period - Snap shot by Christian Fischer.
16:31 of 1st period - Shot Misses the Net.
16:33 of 1st period - Slapshot by Tyson Jost.
16:33 of 1st period - Deflect By Christian Fischer.
16:33 of 1st period - Shot Misses the Net.
16:33 of 1st period - Puck is out of play.
16:34 of 1st period - Aleksander Barkov wins face-off versus Sidney Crosby in Vancouver Canucks zone.
16:51 of 1st period - Snap shot by Aleksander Barkov.
16:51 of 1st period - Shot Misses the Net.
17:16 of 1st period - Slapshot by Dylan Larkin.
17:16 of 1st period - Stopped by Joonas Korpisalo with a rebound.
17:23 of 1st period - Icing by Jake Bean.
17:24 of 1st period - Tyson Jost wins face-off versus Robby Fabbri in Vancouver Canucks zone.
18:03 of 1st period - Wrist shot by Sidney Crosby.
18:03 of 1st period - Stopped by Joonas Korpisalo without a rebound.
18:04 of 1st period - Aleksander Barkov wins face-off versus Dylan Larkin in Vancouver Canucks zone.
18:21 of 1st period - Adam Fox is hit by Aleksander Barkov and loses puck.
18:38 of 1st period - Wrist shot by Casey Mittelstadt.
18:38 of 1st period - Stopped by Jacob Markstrom with a rebound.
18:42 of 1st period - Snap shot by Casey Mittelstadt.
18:42 of 1st period - Shot Misses the Net.
19:40 of 1st period - Filip Hronek is hit by Casey Mittelstadt and loses puck.
19:49 of 1st period - Minor Penalty to Filip Hronek for Roughing.
19:50 of 1st period - Aleksander Barkov wins face-off versus Jake Evans in Montreal Canadiens zone.
Goals for this period are 0 for Montreal Canadiens vs 1 for Vancouver Canucks.
Shots for this period are 13 for Montreal Canadiens vs 12 for Vancouver Canucks.
2nd period
0:01 of 2nd period - Aleksander Barkov wins face-off versus Tyson Jost in neutral zone.
0:26 of 2nd period - Christian Fischer is hit by Clayton Keller and loses puck.
1:05 of 2nd period - Wrist shot by Mikko Rantanen.
1:05 of 2nd period - Shot Misses the Net.
1:43 of 2nd period - Snap shot by Casey Mittelstadt.
1:43 of 2nd period - Shot Misses the Net.
1:49 of 2nd period - Penalty to Filip Hronek is over, Filip Hronek is back on ice.
1:57 of 2nd period - Snap shot by Anton Lundell.
1:57 of 2nd period - Shot Misses the Net.
1:59 of 2nd period - Wrist shot by Sam Lafferty.
1:59 of 2nd period - Stopped by Jacob Markstrom without a rebound.
2:00 of 2nd period - Sidney Crosby wins face-off versus Noah Cates in Montreal Canadiens zone.
2:37 of 2nd period - Sam Lafferty is hit by Brady Skjei and loses puck.
3:23 of 2nd period - Snap shot by Artturi Lehkonen.
3:23 of 2nd period - Shot Blocked by Filip Hronek.
3:25 of 2nd period - Minor Penalty to Tyler Myers for Slashing.
3:26 of 2nd period - Aleksander Barkov wins face-off versus Jake Evans in Montreal Canadiens zone.
3:27 of 2nd period - Slapshot by Mikko Rantanen.
3:27 of 2nd period - Shot Misses the Net.
3:29 of 2nd period - Snap shot by Noah Hanifin.
3:29 of 2nd period - Shot Misses the Net.
3:31 of 2nd period - Slapshot by Noah Hanifin.
3:31 of 2nd period - Stopped by Jacob Markstrom without a rebound.
3:32 of 2nd period - Aleksander Barkov wins face-off versus Jake Evans in Montreal Canadiens zone.
4:03 of 2nd period - Snap shot by Tomas Nosek.
4:03 of 2nd period - Stopped by Joonas Korpisalo without a rebound.
4:04 of 2nd period - Aleksander Barkov wins face-off versus Tyson Jost in Vancouver Canucks zone.
4:34 of 2nd period - Wrist shot by Mikko Rantanen.
4:34 of 2nd period - Deflect By Clayton Keller.
4:34 of 2nd period - Stopped by Jacob Markstrom without a rebound.
4:35 of 2nd period - Tyson Jost wins face-off versus Artturi Lehkonen in Montreal Canadiens zone.
4:55 of 2nd period - Jake Bean is hit by Christian Fischer and loses puck.
5:25 of 2nd period - Penalty to Tyler Myers is over, Tyler Myers is back on ice.
6:04 of 2nd period - Wrist shot by Anton Lundell.
6:04 of 2nd period - Shot Misses the Net.
6:18 of 2nd period - Sam Lafferty is hit by Tomas Nosek and loses puck.
7:01 of 2nd period - Wrist shot by Taylor Raddysh.
7:01 of 2nd period - Stopped by Jacob Markstrom without a rebound.
7:02 of 2nd period - Jesperi Kotkaniemi wins face-off versus Sidney Crosby in Montreal Canadiens zone.
7:28 of 2nd period - Adam Fox is hit by Mikko Rantanen and loses puck.
9:29 of 2nd period - Wrist shot by Mikko Rantanen.
9:29 of 2nd period - Goal by Mikko Rantanen - Montreal Canadiens : 0 - Vancouver Canucks : 2.
9:30 of 2nd period - Aleksander Barkov wins face-off versus Sidney Crosby in neutral zone.
10:08 of 2nd period - Slapshot by Mikko Rantanen.
10:08 of 2nd period - Stopped by Jacob Markstrom without a rebound.
10:09 of 2nd period - Robby Fabbri wins face-off versus Sidney Crosby in Montreal Canadiens zone.
10:12 of 2nd period - Slapshot by Kasperi Kapanen.
10:12 of 2nd period - Deflect By Artturi Lehkonen.
10:12 of 2nd period - Shot Blocked by Adam Fox.
10:12 of 2nd period - Puck is out of play.
10:13 of 2nd period - Sidney Crosby wins face-off versus Robby Fabbri in Montreal Canadiens zone.
10:13 of 2nd period - Sidney Crosby is hit by Noah Hanifin.
10:19 of 2nd period - Wrist shot by Filip Forsberg.
10:19 of 2nd period - Shot Misses the Net.
10:21 of 2nd period - Snap shot by Filip Forsberg.
10:21 of 2nd period - Shot Misses the Net.
11:14 of 2nd period - Wrist shot by Tomas Nosek.
11:14 of 2nd period - Stopped by Joonas Korpisalo without a rebound.
11:15 of 2nd period - Sidney Crosby wins face-off versus Robby Fabbri in Vancouver Canucks zone.
11:20 of 2nd period - Snap shot by Sidney Crosby.
11:20 of 2nd period - Shot Misses the Net.
11:22 of 2nd period - Wrist shot by Sidney Crosby.
11:22 of 2nd period - Shot Misses the Net.
11:24 of 2nd period - Wrist shot by Filip Forsberg.
11:24 of 2nd period - Shot Misses the Net.
11:28 of 2nd period - Snap shot by Patrik Laine.
11:28 of 2nd period - Shot Misses the Net.
11:30 of 2nd period - Wrist shot by Patrik Laine.
11:30 of 2nd period - Shot Misses the Net.
11:49 of 2nd period - Slapshot by Mikko Rantanen.
11:49 of 2nd period - Shot Blocked by Marco Scandella.
12:15 of 2nd period - Wrist shot by Sam Lafferty.
12:15 of 2nd period - Shot Misses the Net.
12:48 of 2nd period - Robby Fabbri is hit by Sidney Crosby and loses puck.
12:55 of 2nd period - Snap shot by Patrik Laine.
12:55 of 2nd period - Shot Blocked by Noah Hanifin.
12:57 of 2nd period - Slapshot by Marco Scandella.
12:57 of 2nd period - Shot Misses the Net.
12:59 of 2nd period - Wrist shot by Marco Scandella.
12:59 of 2nd period - Shot Blocked by Robby Fabbri.
13:31 of 2nd period - Snap shot by Tyson Jost.
13:31 of 2nd period - Stopped by Joonas Korpisalo with a rebound.
13:33 of 2nd period - Slapshot by Tyson Jost.
13:33 of 2nd period - Shot Hit the Post.
13:35 of 2nd period - Snap shot by Christian Fischer.
13:35 of 2nd period - Stopped by Joonas Korpisalo without a rebound.
13:36 of 2nd period - Aleksander Barkov wins face-off versus Tyson Jost in Vancouver Canucks zone.
13:36 of 2nd period - Aleksander Barkov is hit by Brady Skjei.
13:42 of 2nd period - Slapshot by Adam Fox.
13:42 of 2nd period - Goal by Adam Fox - Montreal Canadiens : 1 - Vancouver Canucks : 2.
13:43 of 2nd period - Aleksander Barkov wins face-off versus Filip Forsberg in neutral zone.
14:00 of 2nd period - Wrist shot by Filip Forsberg.
14:00 of 2nd period - Shot Misses the Net.
14:06 of 2nd period - Minor Penalty to Clayton Keller for Tripping.
14:07 of 2nd period - Sidney Crosby wins face-off versus Aleksander Barkov in Vancouver Canucks zone.
14:08 of 2nd period - Snap shot by Patrik Laine.
14:08 of 2nd period - Stopped by Joonas Korpisalo with a rebound.
14:10 of 2nd period - Wrist shot by Adam Fox.
14:10 of 2nd period - Stopped by Joonas Korpisalo without a rebound.
14:11 of 2nd period - Aleksander Barkov wins face-off versus Sidney Crosby in Vancouver Canucks zone.
14:11 of 2nd period - Aleksander Barkov is hit by Sidney Crosby.
14:21 of 2nd period - Wrist shot by Filip Forsberg.
14:21 of 2nd period - Goal by Filip Forsberg - Montreal Canadiens : 2 - Vancouver Canucks : 2.
14:22 of 2nd period - Aleksander Barkov wins face-off versus Sidney Crosby in neutral zone.
14:31 of 2nd period - Clayton Keller is hit by Sidney Crosby.
14:49 of 2nd period - Kasperi Kapanen is hit by Adam Fox and loses puck.
15:20 of 2nd period - Tomas Nosek is hit by Casey Mittelstadt and loses puck.
15:55 of 2nd period - Mikko Rantanen is hit by Dylan Larkin and loses puck.
16:26 of 2nd period - Wrist shot by Robby Fabbri.
16:26 of 2nd period - Shot Misses the Net.
16:28 of 2nd period - Wrist shot by Kasperi Kapanen.
16:28 of 2nd period - Deflect By Robby Fabbri.
16:28 of 2nd period - Deflect By Sidney Crosby.
16:28 of 2nd period - Stopped by Jacob Markstrom with a rebound.
16:41 of 2nd period - Icing by Noah Hanifin.
16:42 of 2nd period - Noah Cates wins face-off versus Tyson Jost in Vancouver Canucks zone.
16:59 of 2nd period - Adam Fox is hit by Noah Hanifin and loses puck.
17:06 of 2nd period - Anton Lundell is hit by Christian Fischer.
17:10 of 2nd period - Noah Cates is hit by Tomas Nosek and loses puck.
17:19 of 2nd period - Noah Hanifin is hit by Tomas Nosek and loses puck.
17:28 of 2nd period - Snap shot by Tyson Jost.
17:28 of 2nd period - Stopped by Joonas Korpisalo with a rebound.
17:30 of 2nd period - Slapshot by Christian Fischer.
17:30 of 2nd period - Shot Misses the Net.
17:42 of 2nd period - Snap shot by Christian Fischer.
17:42 of 2nd period - Deflect By Tyson Jost.
17:42 of 2nd period - Stopped by Joonas Korpisalo with a rebound.
17:54 of 2nd period - Wrist shot by Noah Cates.
17:54 of 2nd period - Shot Misses the Net.
17:56 of 2nd period - Snap shot by Noah Hanifin.
17:56 of 2nd period - Stopped by Jacob Markstrom with a rebound.
17:58 of 2nd period - Slapshot by Sam Lafferty.
17:58 of 2nd period - Stopped by Jacob Markstrom with a rebound.
18:00 of 2nd period - Wrist shot by Noah Cates.
18:00 of 2nd period - Shot Blocked by Filip Hronek.
18:02 of 2nd period - Slapshot by Noah Cates.
18:02 of 2nd period - Shot Blocked by Tomas Nosek.
18:04 of 2nd period - Slapshot by Noah Cates.
18:04 of 2nd period - Shot Blocked by Christian Fischer.
18:33 of 2nd period - Off-side.
18:34 of 2nd period - Sidney Crosby wins face-off versus Clayton Keller in neutral zone.
18:39 of 2nd period - Wrist shot by Patrik Laine.
18:39 of 2nd period - Shot Misses the Net.
19:25 of 2nd period - Snap shot by Taylor Raddysh.
19:25 of 2nd period - Deflect By Casey Mittelstadt.
19:25 of 2nd period - Shot Misses the Net.
19:25 of 2nd period - Puck is out of play.
19:26 of 2nd period - Sidney Crosby wins face-off versus Jesperi Kotkaniemi in Montreal Canadiens zone.
19:56 of 2nd period - Martin Necas is hit by Miro Heiskanen and loses puck.
Goals for this period are 2 for Montreal Canadiens vs 1 for Vancouver Canucks.
Shots for this period are 10 for Montreal Canadiens vs 9 for Vancouver Canucks.
3rd period
0:01 of 3rd period - Aleksander Barkov wins face-off versus Patrik Laine in neutral zone.
0:26 of 3rd period - Miro Heiskanen is hit by Dylan Larkin and loses puck.
0:31 of 3rd period - Snap shot by Dylan Larkin.
0:31 of 3rd period - Shot Misses the Net.
0:33 of 3rd period - Wrist shot by Martin Necas.
0:33 of 3rd period - Goal by Martin Necas - Montreal Canadiens : 3 - Vancouver Canucks : 2.
0:34 of 3rd period - Sidney Crosby wins face-off versus Aleksander Barkov in neutral zone.
0:39 of 3rd period - Snap shot by Sidney Crosby.
0:39 of 3rd period - Shot Misses the Net.
1:50 of 3rd period - Slapshot by Adam Fox.
1:50 of 3rd period - Shot Blocked by Olli Maatta.
2:37 of 3rd period - Snap shot by Anton Lundell.
2:37 of 3rd period - Shot Blocked by Brady Skjei.
2:39 of 3rd period - Slapshot by Noah Hanifin.
2:39 of 3rd period - Shot Blocked by Christian Fischer.
2:41 of 3rd period - Slapshot by Noah Hanifin.
2:41 of 3rd period - Deflect By Brady Skjei.
2:41 of 3rd period - Stopped by Jacob Markstrom with a rebound.
3:33 of 3rd period - Icing by Artturi Lehkonen.
3:34 of 3rd period - Sidney Crosby wins face-off versus Aleksander Barkov in Vancouver Canucks zone.
3:47 of 3rd period - Snap shot by Patrik Laine.
3:47 of 3rd period - Stopped by Joonas Korpisalo without a rebound.
3:48 of 3rd period - Aleksander Barkov wins face-off versus Sidney Crosby in Vancouver Canucks zone.
4:01 of 3rd period - Wrist shot by Mikko Rantanen.
4:01 of 3rd period - Stopped by Jacob Markstrom with a rebound.
4:17 of 3rd period - Snap shot by Dylan Larkin.
4:17 of 3rd period - Stopped by Joonas Korpisalo with a rebound.
4:19 of 3rd period - Slapshot by Tyler Myers.
4:19 of 3rd period - Stopped by Joonas Korpisalo without a rebound.
4:20 of 3rd period - Dylan Larkin wins face-off versus Robby Fabbri in Vancouver Canucks zone.
4:21 of 3rd period - Snap shot by Jonathan Marchessault.
4:21 of 3rd period - Shot Misses the Net.
4:34 of 3rd period - Backhand shot by Martin Necas.
4:34 of 3rd period - Stopped by Joonas Korpisalo without a rebound.
4:35 of 3rd period - Sidney Crosby wins face-off versus Aleksander Barkov in Vancouver Canucks zone.
4:38 of 3rd period - Wrist shot by Sidney Crosby.
4:38 of 3rd period - Shot Misses the Net.
4:40 of 3rd period - Slapshot by Adam Fox.
4:40 of 3rd period - Shot Misses the Net.
4:46 of 3rd period - Snap shot by Patrik Laine.
4:46 of 3rd period - Shot Blocked by Adam Boqvist.
5:02 of 3rd period - Filip Hronek is hit by Kasperi Kapanen and loses puck.
5:11 of 3rd period - Wrist shot by Kasperi Kapanen.
5:11 of 3rd period - Stopped by Jacob Markstrom without a rebound.
5:12 of 3rd period - Sidney Crosby wins face-off versus Jesperi Kotkaniemi in Montreal Canadiens zone.
6:24 of 3rd period - Wrist shot by Christian Fischer.
6:24 of 3rd period - Stopped by Joonas Korpisalo without a rebound.
6:25 of 3rd period - Tyson Jost wins face-off versus Mikko Rantanen in Vancouver Canucks zone.
6:26 of 3rd period - Slapshot by Adam Fox.
6:26 of 3rd period - Stopped by Joonas Korpisalo without a rebound.
6:27 of 3rd period - Aleksander Barkov wins face-off versus Sidney Crosby in Vancouver Canucks zone.
6:34 of 3rd period - Wrist shot by Mikko Rantanen.
6:34 of 3rd period - Shot Misses the Net.
6:36 of 3rd period - Slapshot by Jacob Bryson.
6:36 of 3rd period - Stopped by Jacob Markstrom with a rebound.
7:01 of 3rd period - Wrist shot by Jonathan Marchessault.
7:01 of 3rd period - Deflect By Dylan Larkin.
7:01 of 3rd period - Stopped by Joonas Korpisalo with a rebound.
7:03 of 3rd period - Minor Penalty to Artturi Lehkonen for Holding.
7:04 of 3rd period - Aleksander Barkov wins face-off versus Sidney Crosby in Vancouver Canucks zone.
7:29 of 3rd period - Noah Hanifin is hit by Adam Fox.
8:15 of 3rd period - Anton Lundell is hit by Martin Necas and loses puck.
9:03 of 3rd period - Penalty to Artturi Lehkonen is over, Artturi Lehkonen is back on ice.
9:18 of 3rd period - Jake Evans is hit by Adam Boqvist and loses puck.
9:40 of 3rd period - Aleksander Barkov is hit by Christian Fischer and loses puck.
9:47 of 3rd period - Mikko Rantanen is hit by Tyson Jost and loses puck.
10:17 of 3rd period - Sam Lafferty is hit by Vladislav Namestnikov and loses puck.
10:24 of 3rd period - Evgeni Dadonov is hit by Anton Lundell and loses puck.
11:03 of 3rd period - Noah Hanifin is hit by Jonathan Marchessault and loses puck.
11:14 of 3rd period - Tyson Jost is hit by Jake Bean and loses puck.
11:36 of 3rd period - Taylor Raddysh is hit by Vladislav Namestnikov and loses puck.
11:49 of 3rd period - Scott Mayfield is hit by Artturi Lehkonen and loses puck.
12:40 of 3rd period - Noah Cates is hit by Martin Necas and loses puck.
13:01 of 3rd period - Snap shot by Dylan Larkin.
13:01 of 3rd period - Shot Blocked by Miro Heiskanen.
13:03 of 3rd period - Slapshot by Filip Hronek.
13:03 of 3rd period - Shot Blocked by Adam Boqvist.
13:05 of 3rd period - Slapshot by Jonathan Marchessault.
13:05 of 3rd period - Stopped by Joonas Korpisalo without a rebound.
13:06 of 3rd period - Sidney Crosby wins face-off versus Robby Fabbri in Vancouver Canucks zone.
13:21 of 3rd period - Backhand shot by Artturi Lehkonen.
13:21 of 3rd period - Stopped by Jacob Markstrom with a rebound.
13:54 of 3rd period - Jesperi Kotkaniemi is hit by Scott Mayfield and loses puck.
14:38 of 3rd period - Snap shot by Aleksander Barkov.
14:38 of 3rd period - Stopped by Jacob Markstrom without a rebound.
14:39 of 3rd period - Aleksander Barkov wins face-off versus Patrik Laine in Montreal Canadiens zone.
15:00 of 3rd period - Minor Penalty to Clayton Keller for Interference.
15:01 of 3rd period - Aleksander Barkov wins face-off versus Sidney Crosby in Vancouver Canucks zone.
15:10 of 3rd period - Noah Cates is hit by Filip Forsberg and loses puck.
15:27 of 3rd period - Noah Hanifin is hit by Adam Fox.
15:57 of 3rd period - Wrist shot by Sam Lafferty.
15:57 of 3rd period - Shot Misses the Net.
16:23 of 3rd period - Robby Fabbri is hit by Jonathan Marchessault and loses puck.
16:50 of 3rd period - Tyler Myers is hit by Anton Lundell and loses puck.
17:00 of 3rd period - Penalty to Clayton Keller is over, Clayton Keller is back on ice.
17:40 of 3rd period - Off-side.
17:41 of 3rd period - Aleksander Barkov wins face-off versus Tyson Jost in neutral zone.
17:44 of 3rd period - Snap shot by Mikko Rantanen.
17:44 of 3rd period - Shot Misses the Net.
17:46 of 3rd period - Slapshot by Jacob Bryson.
17:46 of 3rd period - Stopped by Jacob Markstrom with a rebound.
18:42 of 3rd period - Snap shot by Mikko Rantanen.
18:42 of 3rd period - Shot Blocked by Brady Skjei.
18:44 of 3rd period - Backhand shot by Mikko Rantanen.
18:44 of 3rd period - Shot Blocked by Adam Fox.
18:46 of 3rd period - Snap shot by Aleksander Barkov.
18:46 of 3rd period - Stopped by Jacob Markstrom with a rebound.
19:00 of 3rd period - Vancouver Canucks, Joonas Korpisalo is pulled from the net.
19:00 of 3rd period - Slapshot by Mikko Rantanen.
19:00 of 3rd period - Stopped by Jacob Markstrom with a rebound.
19:02 of 3rd period - Wrist shot by Miro Heiskanen.
19:02 of 3rd period - Goal by Miro Heiskanen - Montreal Canadiens : 3 - Vancouver Canucks : 3.
19:02 of 3rd period - Joonas Korpisalo from Vancouver Canucks was sent back in the game.
19:03 of 3rd period - Jesperi Kotkaniemi wins face-off versus Sidney Crosby in neutral zone.
19:10 of 3rd period - Snap shot by Jesperi Kotkaniemi.
19:10 of 3rd period - Stopped by Jacob Markstrom without a rebound.
19:11 of 3rd period - Jesperi Kotkaniemi wins face-off versus Sidney Crosby in Montreal Canadiens zone.
19:22 of 3rd period - Slapshot by Casey Mittelstadt.
19:22 of 3rd period - Stopped by Jacob Markstrom with a rebound.
19:24 of 3rd period - Snap shot by Taylor Raddysh.
19:24 of 3rd period - Stopped by Jacob Markstrom without a rebound.
19:25 of 3rd period - Christian Fischer wins face-off versus Jesperi Kotkaniemi in Montreal Canadiens zone.
19:46 of 3rd period - Minor Penalty to Casey Mittelstadt for Slashing.
19:47 of 3rd period - Aleksander Barkov wins face-off versus Sidney Crosby in Vancouver Canucks zone.
Goals for this period are 1 for Montreal Canadiens vs 1 for Vancouver Canucks.
Shots for this period are 9 for Montreal Canadiens vs 13 for Vancouver Canucks.
Overtime #1
0:01 of 1st overtime period - Sidney Crosby wins face-off versus Noah Cates in neutral zone.
0:43 of 1st overtime period - Slapshot by Brady Skjei.
0:43 of 1st overtime period - Stopped by Joonas Korpisalo with a rebound.
0:45 of 1st overtime period - Snap shot by Brady Skjei.
0:45 of 1st overtime period - Stopped by Joonas Korpisalo without a rebound.
0:46 of 1st overtime period - Robby Fabbri wins face-off versus Dylan Larkin in Vancouver Canucks zone.
1:01 of 1st overtime period - Slapshot by Patrik Laine.
1:01 of 1st overtime period - Deflect By Dylan Larkin.
1:01 of 1st overtime period - Shot Misses the Net.
1:01 of 1st overtime period - Puck is out of play.
1:02 of 1st overtime period - Noah Cates wins face-off versus Sidney Crosby in Vancouver Canucks zone.
1:46 of 1st overtime period - Penalty to Casey Mittelstadt is over, Casey Mittelstadt is back on ice.
2:51 of 1st overtime period - Adam Fox is hit by Casey Mittelstadt and loses puck.
3:00 of 1st overtime period - Wrist shot by Anton Lundell.
3:00 of 1st overtime period - Shot Misses the Net.
3:02 of 1st overtime period - Snap shot by Anton Lundell.
3:02 of 1st overtime period - Shot Blocked by Brady Skjei.
3:38 of 1st overtime period - Icing by Dylan Larkin.
3:39 of 1st overtime period - Casey Mittelstadt wins face-off versus Sidney Crosby in Montreal Canadiens zone.
4:09 of 1st overtime period - Filip Hronek is hit by Adam Boqvist and loses puck.
4:18 of 1st overtime period - Adam Boqvist is hit by Dylan Larkin and loses puck.
4:52 of 1st overtime period - Anton Lundell is hit by Tyson Jost and loses puck.
Goals for this period are 0 for Montreal Canadiens vs 0 for Vancouver Canucks.
Shots for this period are 2 for Montreal Canadiens vs 0 for Vancouver Canucks.
ShootOut
5:00 of 1st overtime period - Round #1.
5:00 of 1st overtime period - Montreal Canadiens, Sidney Crosby.
5:00 of 1st overtime period - Deke by Sidney Crosby.
5:00 of 1st overtime period - Stopped by Joonas Korpisalo.
5:00 of 1st overtime period - Vancouver Canucks, Aleksander Barkov.
5:00 of 1st overtime period - Snap shot by Aleksander Barkov.
5:00 of 1st overtime period - Stopped by Jacob Markstrom.
5:00 of 1st overtime period - Round #2.
5:00 of 1st overtime period - Montreal Canadiens, Patrik Laine.
5:00 of 1st overtime period - Wrist shot by Patrik Laine.
5:00 of 1st overtime period - Stopped by Joonas Korpisalo.
5:00 of 1st overtime period - Vancouver Canucks, Anton Lundell.
5:00 of 1st overtime period - Wrist shot by Anton Lundell.
5:00 of 1st overtime period - Stopped by Jacob Markstrom.
5:00 of 1st overtime period - Round #3.
5:00 of 1st overtime period - Montreal Canadiens, Filip Forsberg.
5:00 of 1st overtime period - Deke by Filip Forsberg.
5:00 of 1st overtime period - Stopped by Joonas Korpisalo.
5:00 of 1st overtime period - Vancouver Canucks, Jesperi Kotkaniemi.
5:00 of 1st overtime period - Snap shot by Jesperi Kotkaniemi.
5:00 of 1st overtime period - Goal by Jesperi Kotkaniemi.
Back to the Top